 Dungeon Crawl Stone Soup version 0.29.1-12-g30fa7ad0bf (webtiles) character file.

Game seed: 18328313062059879103

68 zlionsfan the Digger (level 3, -5/27 HPs)
             Began as a Demigod Earth Elementalist on Jan 12, 2023.
             Slain by Crazy Yiuf
             ... wielding a +2 quarterstaff of chaos
              (18 damage)
             ... on level 2 of the Dungeon.
             The game lasted 00:05:13 (1849 turns).

zlionsfan the Digger (Demigod Earth Elementalist)   Turns: 1849, Time: 00:05:13

Health: -5/27      AC:  2    Str:  9    XL:     3   Next: 73%
Magic:  5/9        EV: 12    Int: 21    God:
Gold:   91         SH:  0    Dex: 16    Spells: 1/7 levels left

rFire   . . .      SeeInvis +   f - +0 rapier
rCold   . . .      Faith    .   (no shield)
rNeg    . . .      Spirit   .   a - +0 robe
rPois   .          Reflect  .   (no helmet)
rElec   .          Harm     .   (no cloak)
rCorr   .          Rampage  .   (no gloves)
Will    .....                   (no boots)
Stlth   ++........              q - amulet of regeneration
HPRegen 0.89/turn               l - ring "Muez" {Wiz Dex+2 SInv}
MPRegen 0.11/turn               (no ring)

@: no status effects
A: high MP 1, forlorn, divine attributes
a: no special abilities


You were on level 2 of the Dungeon.
You visited 1 branch of the dungeon, and saw 2 of its levels.

You collected 91 gold pieces.

Inventory:

Hand Weapons
 f - a +0 rapier (weapon)
Missiles
 k - 2 boomerangs (quivered)
Armour
 a - a +0 robe (worn)
Jewellery
 l - the ring "Muez" (left hand) {Wiz Dex+2 SInv}
   (You found it on level 2 of the Dungeon)

   [ring of wizardry]

   It improves your spell success rate.
   Dex:       It affects your dexterity (+2).
   SInv:      It lets you see invisible.
 q - an amulet of regeneration (around neck)
 r - a ring of fire
Scrolls
 c - a scroll of enchant armour {unknown}
 d - 3 scrolls of teleportation
 e - a scroll of noise {unknown}
 g - a scroll of immolation {unknown}
 i - a scroll of identify {unknown}
 j - a scroll of amnesia {unknown}
 m - a scroll of fear {unknown}
Potions
 b - a potion of magic
 h - 3 potions of flight {unknown}
 n - 2 potions of might {unknown}
 o - 2 potions of haste {unknown}
 p - 2 potions of curing {unknown}


   Skills:
 + Level 0.7 Fighting
 + Level 1.8 Dodging
 + Level 1.7 Stealth
 * Level 2.7 Spellcasting
 + Level 0.8 Transmutations
 * Level 3.5 Earth Magic


You had one spell level left.
You knew the following spells:

 Your Spells              Type           Power      Damage    Failure   Level
a - Sandblast             Erth           34%        2d9       1%          1
b - Passwall              Tmut/Erth      10%        N/A       3%          2
c - Stone Arrow           Conj/Erth      20%        3d8       9%          3

Your spell library contained the following spells:

 Spells                   Type           Power      Damage    Failure   Level
 Petrify                  Tmut/Erth      12%        N/A       22%         4


Dungeon Overview and Level Annotations

Branches:
Dungeon (2/15)

Annotations:
D:2 Crazy Yiuf


Innate Abilities, Weirdness & Mutations

You have an increased reservoir of magic. (+10% MP)
You shall have no god before yourself.
Your divine heritage dramatically boosts your attributes as you level up.


Message History

You kill the goblin!
Things that are here:
a +0 club; a goblin corpse
r - a ring of fire
p - 2 fuming green potions (gained 1)
You see here a +0 flail.
Found a hammer.
Found a runed translucent door.
Crazy Yiuf laughs, "Snower!
Blight bag stair."
As you read the scroll labelled PUIRO OHOU, it crumbles to dust.
You feel strangely unstable.
It was a scroll of teleportation.
You start waiting.
Crazy Yiuf laughs, "Two Hive King!"
Your surroundings suddenly seem different.
There is a stone staircase leading up here.
You see here a +0 flail.
Crazy Yiuf waves his quarterstaff at you.
You open the door.
Crazy Yiuf says, "Candle return to song broken!"
Casting: Sandblast (safe; 1% risk of failure)
Confirm with . or Enter, or press ? or * to list all spells.
The spell is quite dangerous to miscast (9% risk of failure)!
Continue anyway?
Aiming: Stone Arrow (quite dangerous; 9% risk of failure)
Press: ? - help, Shift-Dir - straight line, f - Crazy Yiuf
Aim: Crazy Yiuf, wielding a +2 quarterstaff of chaos and wearing a +0 cloak (72% to hit)
The stone arrow hits Crazy Yiuf!
Crazy Yiuf is heavily wounded.
Crazy Yiuf grits, "Sif Muna!
Tonal leg mumblescurry."
Casting: Stone Arrow (quite dangerous; 9% risk of failure)
Confirm with . or Enter, or press ? or * to list all spells.
Aiming: Sandblast (safe; 1% risk of failure)
Press: ? - help, Shift-Dir - straight line, f/p - Crazy Yiuf
Aim: Crazy Yiuf, wielding a +2 quarterstaff of chaos and wearing a +0 cloak (heavily wounded, 84% to hit)
The blast of sand hits Crazy Yiuf.
Crazy Yiuf is heavily wounded.
Crazy Yiuf hits you with a +2 quarterstaff of chaos.
Crazy Yiuf burns you.
Crazy Yiuf hits you with a +2 quarterstaff of chaos!
You are electrocuted!!
Ouch! That really hurt!
You die...

#.##..###
#.......#..###
##.......#
#####...###.##
#..##..#.#
#.....#.###.# #
#.########
#########...# # #.#
##[.# ### #^###
#..# ..####.#.# ###
♣♣###..# #........#
#)..#♣♣ ♣♣....#.#
...###.###
#...g@♣♣♣♣.......#
†#..##.###
#...#♣..♣........#
.........# ###
♣♣♣.♣.....#.#
#####..###
♣♣♣♣♣##)#.####
##..# #.#....##
#...## ########
#.####... ###.#..#
##....(.# #...##...
##...##.###..###.##
##.#.##...
#..#..........##.#
#..#......


You could see Crazy Yiuf.

Vanquished Creatures
  An adder (D:2)
  2 worms (D:2)
  2 dart slugs
  8 bats
  7 endoplasms
  2 giant cockroaches
  5 goblins
  3 hobgoblins
  4 jackals (D:1)
  5 ball pythons
  A frilled lizard (D:2)
  2 kobolds (D:1)
  3 rats (D:2)
45 creatures vanquished.

Notes
Turn   | Place    | Note
-------+----------+-------------------------------------------
     0 | D:1      | zlionsfan the Demigod Earth Elementalist began the quest
                  | for the Orb.
     0 | D:1      | Reached XP level 1. HP: 14/14 MP: 5/5
   254 | D:1      | Reached skill level 3 in Earth Magic
   377 | D:1      | Reached XP level 2. HP: 20/20 MP: 4/7
   462 | D:1      | Learned a level 2 spell: Passwall
  1101 | D:2      | Identified the ring "Muez" {Wiz Dex+2 SInv}
  1141 | D:2      | Reached XP level 3. HP: 26/26 MP: 2/9
  1145 | D:2      | Learned a level 3 spell: Stone Arrow
  1816 | D:2      | Found a runed translucent door.
  1817 | D:2      | Noticed Crazy Yiuf
  1849 | D:2      | Slain by Crazy Yiuf

Illustrated notes

Levels and vault maps discovered:
D:1:      minmay_arrival_checkered_box, layout_loops_ring
D:2:      layout_rooms, uniq_crazy_yiuf_cottage

Skill      XL: |  1 |
---------------+----+-----
Earth Magic    | 3 |  3.5
Spellcasting   | 2 |  2.7
Fighting       | |  0.7
Dodging        | |  1.8
Stealth        | |  1.7
Transmutations | |  0.8

Action                   || total
-------------------------++-------
Melee: Flail             ||     3
       Rapier            ||     3
 Cast: Sandblast         ||    64
       Stone Arrow       ||     1
  Use: Scroll            ||     1
Armor: Robe              ||     4
Dodge: Dodged            ||    18
